 Dungeon Crawl Stone Soup version 0.24-a0-439-g6dd8730de2 (webtiles) character file.

Game seed: 17330600176513338720

88 Nattfarinn the Chiller (level 4, -1/30 HPs)
             Began as a Merfolk Ice Elementalist on June 18, 2019.
             Slain by an orc wizard
             ... wielding a +0 dagger
              (4 damage)
             ... on level 3 of the Dungeon.
             The game lasted 00:06:55 (2831 turns).

Nattfarinn the Chiller (Merfolk Ice Elementalist)   Turns: 2831, Time: 00:06:56

Health: -1/30      AC:  3    Str:  8    XL:     4   Next: 53%
Magic:  1/7        EV: 13    Int: 15    God:
Gold:   70         SH:  0    Dex: 14    Spells: 5/8 levels left

rFire    . . .     SeeInvis .   f - +0 dagger
rCold    . . .     Gourm    .   (no shield)
rNeg     . . .     Faith    .   a - +0 robe
rPois    .         Spirit   .   (no helmet)
rElec    .         Reflect  .   (no cloak)
rCorr    .         Harm     .   k - +0 pair of gloves
MR       .....                  (no boots)
Stlth    ++........             (no amulet)
HPRegen  0.10/turn              (no ring)
MPRegen  0.10/turn              (no ring)

@: no status effects
A: change form in water, swift swim, stealthy swim
a: no special abilities


You were on level 3 of the Dungeon.
You were not hungry.

You visited 1 branch of the dungeon, and saw 3 of its levels.

You collected 70 gold pieces.

Inventory:

Hand Weapons
 f - a +0 dagger (weapon)
Armour
 a - a +0 robe (worn)
 g - a +0 buckler
 k - a +0 pair of gloves (worn)
Jewellery
 p - an uncursed ring of resist corrosion {unknown}
Scrolls
 b - a scroll of teleportation {unknown}
 h - 3 scrolls of identify {unknown}
 j - 2 scrolls of magic mapping {unknown}
 l - a scroll of enchant weapon {unknown}
 q - a scroll of fear {unknown}
 s - 2 scrolls of amnesia {unknown}
Potions
 d - a potion of flight {unknown}
 e - 4 potions of curing {unknown}
 i - a potion of might {unknown}
 m - 2 potions of heal wounds {unknown}
 n - 2 potions of haste {unknown}
 o - a potion of degeneration {unknown}
Comestibles
 c - 4 rations


   Skills:
 - Level 2.6 Dodging
 - Level 2.1 Stealth
 + Level 1.2 Shields
 + Level 2.6 Spellcasting
 * Level 1.4 Conjurations
 * Level 4.5 Ice Magic


You had 5 spell levels left.
You knew the following spells:

 Your Spells              Type           Power        Failure   Level  Hunger
a - Freeze                Ice            ###.         3%          1    #......
b - Throw Frost           Conj/Ice       ##....       10%         2    ###....

Your spell library contained the following spells:

 Spells                   Type           Power        Failure   Level  Hunger
 Ozocubu's Armour         Chrm/Ice       #.......     24%         3    ###....
 Throw Icicle             Conj/Ice       ##......     52%         4    #####..
 Summon Ice Beast         Ice/Summ       #.......     63%         4    #####..


Dungeon Overview and Level Annotations

Branches:
Dungeon (3/15)

Altars:
Cheibriados


Message History

The puff of frost hits the orc!
You kill the orc!
The orc shouts!
You hear a shout!
Something hits you but does no damage.
No previous command to re-do.
Casting: Throw Frost (safe; 10% risk of failure)
Confirm with . or Enter, or press ? or * to list all spells.
Aiming: Throw Frost (safe; 10% risk of failure)
Press: ? - help, Shift-Dir - straight line, f/p - orc priest
Aim: an orc priest, wielding a +0 hand axe The puff of frost hits something!
Something hits you but does no damage.
You hear some strange, mumbled words.
A puff of flame appears from out of thin air!
The puff of flame hits you!
The orc priest calls down the wrath of Beogh upon you.
Beogh smites you!
Ouch! That really hurt!
* * * LOW HITPOINT WARNING * * *
Something hits you.
You die... . ..################ .ooo.o.....o.o[{@# ..################ .

You could see an orc priest and an orc.

Vanquished Creatures
  2 adders (D:2)
  A gnoll (D:1)
  A worm (D:2)
  2 dart slugs (D:1)
  2 leopard geckos (D:2)
  An orc (D:3)
  A ball python (D:2)
  2 giant cockroaches
  10 hobgoblins
  3 jackals (D:1)
  4 bats
  3 frilled lizards
  7 goblins
  5 kobolds (D:1)
  7 rats
51 creatures vanquished.

Notes
Turn   | Place    | Note
-------+----------+-------------------------------------------
     0 | D:1      | Nattfarinn the Merfolk Ice Elementalist began the quest for
                  | the Orb.
     0 | D:1      | Reached XP level 1. HP: 13/13 MP: 3/3
   413 | D:1      | Reached XP level 2. HP: 19/19 MP: 5/5
   758 | D:1      | Reached skill level 4 in Ice Magic
   840 | D:1      | Reached XP level 3. HP: 14/24 MP: 0/6
   993 | D:1      | Learned a level 2 spell: Throw Frost
  1309 | D:1      | Reached skill level 1 in Conjurations
  1822 | D:2      | Found a snail-covered altar of Cheibriados.
  2025 | D:2      | Reached skill level 1 in Shields
  2030 | D:2      | Reached XP level 4. HP: 30/30 MP: 2/7
  2831 | D:3      | Slain by an orc wizard

Levels and vault maps discovered:
D:1:      dpeg_arrival_lava_altar, layout_loops_ring, due_unseen_surprise
D:2:      layout_loops_corners, lemuel_crystal_altar, first_ration
D:3:      layout_basic, minivault_27, glass_columns_c, uniq_sigmund,
          uniq_terence

Skill      XL: |  1  2  3 |
---------------+----------+-----
Ice Magic      | 4 |  4.5
Conjurations   | 1 |  1.4
Shields        | 1 |  1.2
Dodging        | |  2.6
Stealth        | |  2.1
Spellcasting   | |  2.6

Action                   |  1- 3 |  4- 6 || total
-------------------------+-------+-------++-------
Melee: Unarmed           |     6 |       ||     6
       Dagger            |    41 |    16 ||    57
 Cast: Freeze            |    49 |    25 ||    74
       Throw Frost       |     2 |     3 ||     5
  Use: Potion            |     1 |       ||     1
 Stab: Sleeping          |     6 |     1 ||     7
  Eat: Chunk             |     4 |     3 ||     7
Armor: Robe              |    14 |    18 ||    32
Dodge: Dodged            |    57 |    35 ||    92

Table legend:
 A = Non-vault XP
 B = Vault XP
 C = Vault XP percentage of total XP
 D = Non-vault monster count
 E = Vault monster count
 F = Vault count percentage of total count
                 A         B        C        D         E       F
            +---------+---------+-------+---------+---------+-------
      Total |     126 |       0 |   0.0 |      51 |       0 |   0.0
            +---------+---------+-------+---------+---------+-------
        D:1 |      65 |       0 |   0.0 |      32 |       0 |   0.0
        D:2 |      57 |       0 |   0.0 |      17 |       0 |   0.0
        D:3 |       4 |       0 |   0.0 |       2 |       0 |   0.0
            +---------+---------+-------+---------+---------+-------
